Map: Winter Madness LE

Players

Tatarczuk - Winner!

  • Race: Terran Terran
  • League: Gold
  • Spawn Location: 11:00

SCIInewby

  • Race: Protoss Protoss
  • League: Master
  • Spawn Location: 5:00

VOD

Have the link to the VOD?

Description

Time

  • Played on: Feb. 11, 2026, 10:10 a.m.
  • Length: 13:33
Show
View Real Time Build Order
Export as new Build Order

Tatarczuk Terran - Winner!

Build Orders:  

Get SALT Encoding   

  12  0:00  SCV  
  13  0:12  SCV  
  14  0:19  Supply Depot  
  14  0:24  SCV  
  15  0:40  SCV  
  15  0:42  Barracks  
  16  0:47  Refinery  
  16  0:52  Refinery  
  16  0:54  SCV  
  17  1:06  SCV  
  17  1:08  Supply Depot  
  18  1:18  SCV  
  19  1:28  Reaper  
  19  1:32  Orbital Command  
  20  1:48  Factory  
  20  1:56  Supply Depot  
  20  2:00  SCV  
  21  2:04  Reaper  
  22  2:14  SCV  
  23  2:26  SCV  
  24  2:33  Factory Tech Lab  
  24  2:36  Reaper  
  25  2:40  Starport  
  25  2:43  SCV  
  26  2:55  Supply Depot, SCV  
  27  2:59  Engineering Bay  
  27  3:01  Siege Tank  
  30  3:07  SCV  
  31  3:19  SCV  
  32  3:26  Command Center  
  32  3:35  Siege Tank  
  32  3:40  SCV  
  36  3:45  Starport Tech Lab  
  36  3:52  SCV  
  37  3:58  Missile Turret, Supply Depot  
  37  4:01  Missile Turret  
  37  4:08  Barracks Tech Lab  
  38  4:10  SCV  
  38  4:22  SCV  
  39  4:28  Siege Tank  
  42  4:34  SCV  
  43  4:40  Orbital Command  
  43  4:45  Viking  
  45  4:46  SCV  
  45  4:47  Missile Turret  
  45  4:50  Marauder  
  48  4:58  SCV  
  49  5:00  Supply Depot  
  49  5:10  Missile Turret, SCV  
  49  5:12  SCV, Starport  
  51  5:15  Starport  
  51  5:29  Missile Turret  
  51  5:30  Armory  
  51  5:32  SCV x2  
  51  5:35  Armory, Hi-Sec Auto Tracking  
  53  5:44  SCV x2  
  53  5:49  Factory  
  55  5:51  Refinery  
  55  5:52  Refinery  
  55  5:54  Starport Reactor, Starport Tech Lab  
  55  5:56  SCV  
  56  5:58  Marauder  
  58  6:06  SCV  
  58  6:08  SCV  
  60  6:18  SCV  
  60  6:19  Raven  
  60  6:20  SCV  
  64  6:30  Viking  
  66  6:35  Viking  
  68  6:40  Marine  
  68  6:46  Supply Depot  
  69  6:48  Supply Depot  
  69  6:50  SCV  
  69  6:51  SCV  
  69  6:52  Supply Depot  
  71  6:58  Marine  
  72  7:01  Factory Tech Lab  
  72  7:03  Medivac, Viking  
  72  7:04  Viking  
  78  7:10  Terran Vehicle And Ship Armor Level 1  
  78  7:12  Command Center  
  78  7:16  Marine  
  78  7:34  Marine  
  79  7:44  Hellbat x2  
  79  7:49  Raven  
  79  7:50  Banshee  
  84  7:51  Marine  
  89  8:05  Hellbat x2  
  89  8:10  Marauder  
  91  8:14  Command Center, Refinery  
  91  8:19  Infernal Pre-Igniter  
  91  8:22  Smart Servos  
  91  8:24  Terran Vehicle Weapons Level 1  
  95  8:27  Hellbat x2  
  95  8:30  Refinery  
  95  8:31  Marauder  
  76  8:48  Hellbat x2  
  76  8:53  Marauder  
  76  8:55  Banshee x2  
  81  9:06  Armory  
  85  9:10  Hellbat x2  
  85  9:13  Terran Vehicle And Ship Armor Level 2  
  85  9:15  Marine  
  86  9:25  Orbital Command  
  86  9:27  SCV x2  
  86  9:31  Hellbat x2  
  92  9:33  Marine  
  92  9:38  Banshee  
  96  9:39  SCV x2  
  96  9:45  Factory  
  98  9:50  Marine  
  98  9:51  SCV x2  
  98  9:52  Hellbat x2  
  105  9:55  Viking x2  
  109  10:03  SCV  
  110  10:08  Marine  
  110  10:11  SCV x2  
  110  10:13  Siege Tank  
  116  10:16  SCV  
  116  10:18  Supply Depot x2  
  116  10:19  Supply Depot  
  116  10:20  Supply Depot, Terran Vehicle Weapons Level 2  
  117  10:21  Terran Ship Weapons Level 1  
  117  10:22  Supply Depot  
  117  10:23  Supply Depot  
  117  10:29  Factory Tech Lab  
  117  10:39  Marine  
  117  10:40  SCV x2, Siege Tank  
  123  10:43  Supply Depot  
  123  10:44  Concussive Shells  
  123  10:45  Siege Tank  
  123  10:48  Raven  
  128  10:57  SCV x3, Missile Turret  
  128  10:58  Marauder, Missile Turret  
  128  11:02  Missile Turret  
  133  11:12  Hellbat  
  133  11:14  Thor  
  133  11:17  Missile Turret  
  133  11:18  Siege Tank  
  144  11:19  Marauder  
  144  11:23  Supply Depot  
  144  11:24  Supply Depot  
  146  11:34  Hellbat  
  148  11:41  Marauder  
  148  11:44  Viking x2  
  154  11:49  Thor  
  154  11:52  Command Center  
  160  11:55  Siege Tank, Refinery  
  160  11:56  Refinery, Thor  
  169  12:02  Marauder  
  169  12:04  Viking  
  169  12:05  Viking  
  175  12:12  Supply Depot  
  175  12:13  Supply Depot  
  175  12:14  Viking x2  
  175  12:15  Supply Depot  
  179  12:17  Supply Depot  
  179  12:34  Viking  
  179  12:35  Viking  
  173  12:44  Viking  
  140  12:53  Marauder  
  142  13:07  SCV x2  
  142  13:08  SCV x2  
  146  13:19  SCV x2  
  150  13:20  SCV x2  
Show
View Real Time Build Order
Export as new Build Order

SCIInewby Protoss 

Build Orders: 1 Gate Expand 

Get SALT Encoding   

  12  0:00  Probe  
  13  0:12  Probe  
  14  0:22  Pylon  
  14  0:24  Probe  
  15  0:39  Probe  
  15  0:40  Gateway  
  16  0:47  Probe  
  16  0:56  Assimilator, Probe  
  18  1:09  Probe  
  19  1:21  Probe  
  20  1:35  Nexus  
  20  1:44  Cybernetics Core  
  20  1:45  Probe  
  21  1:54  Pylon  
  21  1:57  Probe  
  22  2:03  Assimilator  
  22  2:14  Forge  
  22  2:15  Probe  
  23  2:22  Warp Gate  
  22  2:27  Zealot  
  24  2:31  Probe  
  25  2:42  Probe  
  26  2:45  Pylon  
  26  2:46  Probe  
  26  2:48  Pylon  
  27  2:55  Protoss Ground Weapons Level 1  
  27  3:10  Photon Cannon  
  27  3:12  Probe x2  
  29  3:22  Probe  
  29  3:23  Probe  
  31  3:30  Probe, Photon Cannon  
  31  3:31  Probe  
  33  3:42  Gateway  
  33  3:50  Gateway  
  33  3:55  Twilight Council  
  33  3:59  Pylon  
  33  4:02  Probe  
  33  4:03  Probe  
  35  4:10  Assimilator  
  35  4:11  Probe  
  36  4:22  Stargate  
  36  4:25  Photon Cannon  
  36  4:28  Probe  
  36  4:30  Gateway, Probe  
  38  4:40  Probe  
  38  4:41  Zealot  
  38  4:42  Probe  
  38  4:45  Zealot  
  44  4:46  Charge  
  44  4:51  Assimilator  
  44  4:52  Probe  
  45  4:54  Probe  
  46  5:07  Dark Shrine  
  46  5:12  Probe  
  46  5:14  Probe  
  46  5:16  Pylon  
  46  5:19  Pylon  
  46  5:20  Probe  
  48  5:26  Probe  
  48  5:27  Zealot  
  52  5:28  Probe  
  53  5:38  Probe  
  53  5:42  Fleet Beacon  
  54  5:50  Gateway  
  54  5:53  Gateway  
  54  6:08  Nexus  
  54  6:21  Probe x2  
  54  6:23  Dark Templar x4  
  64  6:28  Shadow Stride  
  64  6:33  Probe  
  64  6:38  Carrier  
  71  6:51  Protoss Ground Weapons Level 2  
  71  6:53  Dark Templar  
  73  6:58  Stalker, Assimilator  
  75  7:02  Stalker  
  75  7:04  Assimilator  
  75  7:06  Pylon  
  77  7:08  Zealot  
  77  7:11  Protoss Air Weapons Level 1  
  79  7:19  Probe x2  
  81  7:24  Dark Templar  
  83  7:32  Robotics Facility  
  83  7:37  Pylon  
  77  7:38  Probe  
  77  7:39  Probe x2  
  76  7:50  Carrier  
  82  7:55  Zealot  
  82  7:56  Zealot  
  86  8:12  Pylon  
  86  8:13  Zealot  
  86  8:14  Zealot x3  
  94  8:22  Pylon  
  94  8:25  Immortal  
  68  8:49  Zealot x3  
  68  8:50  Zealot x3  
  76  9:00  Carrier  
  82  9:08  Protoss Shields Level 1  
  82  9:10  Blink  
  82  9:12  Zealot  
  82  9:13  Zealot x3  
  82  9:14  Zealot  
  82  9:15  Zealot  
  94  9:29  Protoss Air Weapons Level 2  
  94  9:30  Photon Cannon  
  94  9:33  Zealot x3  
  94  9:35  Zealot  
  102  9:39  Dark Templar  
  104  9:46  Dark Templar  
  106  10:05  Immortal  
  110  10:07  Dark Templar x2  
  114  10:16  Dark Templar x2  
  114  10:17  Dark Templar  
  114  10:18  Robotics Facility  
  114  10:21  Robotics Bay, Archon  
  120  10:28  Archon  
  120  10:29  Archon  
  120  10:30  Carrier  
  120  10:32  Dark Templar  
  128  11:01  Probe x2  
  128  11:02  Probe  
  128  11:04  Zealot, Nexus  
  133  11:13  Pylon  
  133  11:15  Colossus, Pylon  
  133  11:17  Colossus  
  133  11:18  Pylon  
  133  11:26  Pylon  
  133  11:27  Pylon  
  139  11:36  Carrier  
  139  11:38  Pylon  
  145  11:41  Pylon  
  145  11:44  Pylon  
  151  11:55  Zealot x2  
  151  11:56  Zealot x3  
  161  12:08  Colossus  
  167  12:26  Dark Templar  
  167  12:27  Dark Templar x2  
  93  12:51  Zealot  
  93  12:53  Zealot x2  
  89  13:04  Stalker x3  
  89  13:26  Zealot x3  
  71  13:27  Zealot x3  
Tags
 
Matchup
PvT
Replay Pack
vannon
Spawn Locations
Cross Positions
Add a new tag
Caveats
  • Supply blocks, unpowered buildings, or Contaminate may cause inaccurate times.
  • Supply counts are checked every 10 seconds.